 Dungeon Crawl Stone Soup version 0.29-a0-845-g6161e89988 (webtiles) character file.

Game seed: 12353440802848489749

255 Sabo the Shield-Bearer (level 6, -3/49 HPs)
             Began as a Formicid Fighter on July 15, 2022.
             Was a Follower of Dithmenos.
             Slain by an ogre
             ... wielding a +0 giant spiked club
              (11 damage)
             ... on level 4 of the Dungeon.
             The game lasted 00:14:13 (4355 turns).

Sabo the Shield-Bearer (Formicid Fighter)           Turns: 4355, Time: 00:14:14

Health: -3/49      AC: 10    Str: 23    XL:     6   Next: 38%
Magic:  6/6        EV:  9    Int:  7    God:    Dithmenos [*.....]
Gold:   142        SH:  5    Dex: 13    Spells: 5/5 levels left

rFire   . . .      SeeInvis +   a - +0 war axe
rCold   . . .      Faith    .   c - +0 buckler
rNeg    . . .      Spirit   .   b - +0 scale mail
rPois   .          Reflect  .   (helmet unavailable)
rElec   .          Harm     .   (no cloak)
rCorr   .          Rampage  .   q - +2 pair of gloves
Will    .....                   (no boots)
Stlth   ..........              (no amulet)
HPRegen 0.16/turn               (no ring)
MPRegen 0.10/turn               (no ring)

@: wreathed by umbra, invisible
A: permanent stasis, dig shafts and tunnels, antennae 3, four strong arms
a: Dig, Shaft Self, Renounce Religion


You were on level 4 of the Dungeon.
You worshipped Dithmenos.
Dithmenos was aware of your devotion.
You visited 1 branch of the dungeon, and saw 4 of its levels.

You collected 142 gold pieces.

Inventory:

Hand Weapons
 a - a +0 war axe (weapon)
Missiles
 k - 6 poisoned darts (quivered)
Armour
 b - a +0 scale mail (worn)
 c - a +0 buckler (worn)
 q - a +2 pair of gloves (worn)
Scrolls
 h - a scroll of enchant weapon {unknown}
 i - a scroll of identify {unknown}
 l - a scroll of torment {unknown}
 m - 2 scrolls of poison
 s - a scroll of enchant armour {unknown}
Potions
 d - 3 potions of might
 e - 2 potions of flight
 f - a potion of attraction {unknown}
 g - a potion of ambrosia {unknown}
 j - a potion of haste {unknown}
 n - a potion of invisibility
 o - a potion of degeneration {unknown}
 p - a potion of mutation {unknown}
 r - a potion of cancellation {unknown}
 t - a potion of brilliance {unknown}


   Skills:
 + Level 4.3 Fighting
 + Level 4.1 Axes
 + Level 4.6 Armour
 + Level 0.8 Dodging
 + Level 1.0 Stealth
 + Level 4.6 Shields


You had 5 spell levels left.
You didn't know any spells.
Your spell library contained the following spells:

 Spells                   Type           Power      Damage    Failure   Level
 Slow                     Hex            0%         N/A       80%         1
 Confusing Touch          Hex            0%         N/A       99%         3
 Vampiric Draining        Necr           0%         2d6       99%         3
 Airstrike                Air            0%         0-1+      100%        4
 Summon Lightning Spire   Summ/Air       0%         N/A       100%        4
 Lightning Bolt           Conj/Air       0%         1d11      100%        5


Dungeon Overview and Level Annotations

Branches:
Dungeon (4/15)
 Temple: D:4-7

Altars:
Dithmenos

Shops:
D:3 [


Innate Abilities, Weirdness & Mutations

You cannot be hasted, slowed, berserked, paralysed or teleported.
You can dig through walls and to a lower floor.
You have a pair of large antennae on your head. (SInv)
Your four strong arms can wield two-handed weapons with a shield.


Message History

You kill the scorpion!
Dithmenos accepts your kill.
Your Axes skill increases to level 4!
Your Stealth skill increases to level 1!
You see here a scorpion corpse.
Found 12 gold pieces.
You now have 129 gold pieces (gained 12).
A hobgoblin comes into view.
You hit the hobgoblin but do no damage. You block the hobgoblin's attack.
You barely miss the hobgoblin.
The hobgoblin hits you but does no damage.
You barely miss the hobgoblin.
The hobgoblin hits you but does no damage. x2
You hit the hobgoblin but do no damage.
The hobgoblin hits you but does no damage.
You barely miss the hobgoblin. You block the hobgoblin's attack.
You closely miss the hobgoblin. The hobgoblin barely misses you.
The hobgoblin hits you but does no damage.
You slash the hobgoblin!
You kill the hobgoblin!
Dithmenos accepts your kill.
Found 6 stones.
You see here a hobgoblin corpse.
Found a stone staircase leading up.
Found 13 gold pieces.
You now have 142 gold pieces (gained 13).
You enter a teleport trap!
The teleport trap disappears.
An ogre comes into view. It is wielding a +0 giant spiked club.
The ogre shouts!
You hit the ogre.
The ogre is moderately wounded.
The ogre hits you with a +0 giant spiked club!
You hit the ogre.
The ogre is moderately wounded.
The ogre hits you with a +0 giant spiked club!!
Ouch! That really hurt!
* * * LOW HITPOINT WARNING * * *
You fade into invisibility!
The ogre hits you with a +0 giant spiked club!
You die...

#.# #.# #.# #.#
#.#
########.####
#......O....#
#.# #@#
#.######.#
#.#......#
..####.#.######
.......#.##
#..#.##
##.###.#####.#
#.## ##..<...#
##.###.#######


You could see an ogre (unable to see you).

Vanquished Creatures
  A scorpion (D:4)
  An iguana (D:4)
  Natasha (thrice) (D:2)
  6 adders
  A worm (D:2)
  6 ball pythons
  2 bats
  4 endoplasms
  5 giant cockroaches
  2 goblins (D:3)
  3 hobgoblins
  3 jackals (D:1)
  2 quokkas (D:1)
  A frilled lizard (D:2)
  3 kobolds
  4 rats
47 creatures vanquished.

Vanquished Creatures (others)
  3 plants (D:3)
3 creatures vanquished.

Grand Total: 50 creatures vanquished

Notes
Turn   | Place    | Note
-------+----------+-------------------------------------------
     0 | D:1      | Sabo the Formicid Fighter began the quest for the Orb.
     0 | D:1      | Reached XP level 1. HP: 18/18 MP: 1/1
   593 | D:1      | Reached XP level 2. HP: 24/24 MP: 2/2
   941 | D:1      | Found a faded altar of an unknown god.
   984 | D:1      | Prayed at the altar of an unknown god.
   984 | D:1      | Became a worshipper of Dithmenos the Shadowed
   984 | D:1      | Reached * piety under Dithmenos
  1282 | D:2      | Reached XP level 3. HP: 25/30 MP: 3/3
  1348 | D:2      | Noticed Natasha
  1364 | D:2      | Killed Natasha
  1365 | D:2      | Reached XP level 4. HP: 11/37 MP: 4/4
  1733 | D:2      | Noticed Natasha
  1739 | D:2      | Killed Natasha
  1777 | D:2      | Noticed Natasha
  1790 | D:2      | Killed Natasha
  1791 | D:2      | Reached XP level 5. HP: 19/42 MP: 5/5
  2880 | D:3      | Found Fowoimeg's Antique Armour Shop.
  4127 | D:4      | Reached XP level 6. HP: 38/48 MP: 6/6
  4252 | D:4      | Reached skill level 1 in Stealth
  4352 | D:4      | Noticed an ogre
  4355 | D:4      | Slain by an ogre

Illustrated notes

Levels and vault maps discovered:
D:1:      giann_horns, layout_basic, nicolae_ecumenical_lake_church
D:2:      layout_basic, uniq_natasha
D:3:      layout_basic, serial_shops, nicolae_shop_overgrown_old_shop
D:4:      layout_loops_ring

Skill      XL: |  1  2  3  4  5  6 |
---------------+-------------------+-----
Axes           | 3 4 |  4.1
Armour         | 4 |  4.6
Fighting       | 4 |  4.3
Stealth        | 1 |  1.0
Dodging        | |  0.8
Shields        | |  4.6

Action                   |  1- 3 |  4- 6 || total
-------------------------+-------+-------++-------
Melee: War axe           |    49 |    93 ||   142
  Use: Scroll            |     3 |       ||     3
       Potion            |       |     3 ||     3
Armor: Scale mail        |    28 |    49 ||    77
Dodge: Dodged            |    28 |    42 ||    70
Block: Buckler           |    26 |    23 ||    49

Table legend: (Time is in decaauts)
 A = Elapsed time spent in this place.
 B = Non-inter-level travel time spent in this place.
 C = Inter-level travel time spent in this place.
 D = Time resting spent in this place.
 E = Time spent auto-exploring this place.
 F = Levels seen in this place.
 G = Mean time per level.
                   A        B        C        D        E       F      G
               +--------+--------+--------+--------+--------+-----+--------+
         Total |   4413 |   4413 |      0 |   1192 |      0 |   4 | 1103.2 |
       Dungeon |   4413 |   4413 |      0 |   1192 |      0 |   4 | 1103.2 |
               +--------+--------+--------+--------+--------+-----+--------+

Top non-repeatable levels by time:
     D:2: 1668 daAuts
     D:1: 1234 daAuts
     D:3: 1050 daAuts
     D:4: 459 daAuts
